Map: Prion Terraces

Players

Drunkenboi - Winner!

  • Race: Terran Terran
  • League: Master

Chris (MCanning)

  • Race: Protoss Protoss
  • League: Master

VOD

Have the link to the VOD?

Description

Time

  • Played on: Nov. 12, 2015, 11:53 p.m.
  • Length: 27:50
Show
View Real Time Build Order
Export as new Build Order

Drunkenboi Terran - Winner!

Build Orders: 1/1/1, Banshee Rush 

Get SALT Encoding   

  12  0:01  SCV  
  13  0:13  SCV  
  14  0:18  Supply Depot  
  14  0:25  SCV  
  15  0:31  Refinery  
  15  0:40  SCV  
  16  0:44  Barracks  
  16  0:52  SCV  
  17  1:04  SCV  
  18  1:16  SCV  
  19  1:32  Orbital Command  
  19  1:34  Marine  
  19  1:35  Factory  
  19  1:38  Refinery  
  20  1:44  Supply Depot  
  20  1:52  Marine  
  21  1:59  SCV  
  22  2:10  Marine  
  22  2:11  SCV  
  24  2:19  Factory Tech Lab  
  24  2:20  Starport  
  24  2:23  SCV  
  24  2:28  Marine  
  24  2:29  Supply Depot  
  26  2:37  SCV  
  27  2:45  Marine  
  27  2:46  Widow Mine  
  27  2:49  SCV  
  31  3:02  SCV  
  31  3:03  Banshee, Cloaking Field, Marine  
  36  3:13  Supply Depot  
  36  3:14  SCV  
  37  3:21  Barracks Reactor  
  37  3:23  Factory Tech Lab  
  36  3:42  SCV  
  36  3:44  Command Center  
  40  3:50  Raven  
  40  3:55  Supply Depot, SCV  
  39  3:59  Marine x2  
  41  4:07  SCV  
  42  4:10  Siege Tank  
  45  4:17  Marine x2  
  45  4:19  SCV  
  48  4:31  SCV  
  48  4:35  Marine x2  
  51  4:42  Siege Tank  
  51  4:43  SCV  
  51  4:45  Liberator  
  55  4:55  Marine x2  
  55  4:56  Supply Depot, SCV  
  55  4:57  Orbital Command  
  61  5:08  SCV  
  62  5:17  Marine x2  
  62  5:20  SCV  
  65  5:22  Orbital Command  
  58  5:38  Marine  
  58  5:39  Marine  
  60  5:44  SCV  
  60  5:48  SCV  
  62  5:56  SCV  
  63  5:58  Marine x2  
  65  6:04  Siege Tank  
  65  6:07  Command Center  
  68  6:11  Viking  
  70  6:19  SCV x2  
  70  6:24  Marine  
  70  6:25  Marine  
  74  6:29  Supply Depot x2  
  74  6:31  SCV x2  
  76  6:42  Marine x2  
  78  6:50  Banshee  
  78  6:51  SCV x2  
  83  6:55  Barracks  
  83  6:56  Refinery  
  83  7:01  Marine x2  
  83  7:03  SCV  
  86  7:08  Siege Tank  
  86  7:09  SCV  
  86  7:15  SCV  
  85  7:19  Marine x2  
  85  7:20  Orbital Command  
  85  7:22  SCV  
  86  7:27  SCV  
  73  7:37  Marine x2  
  73  7:40  SCV  
  73  7:43  SCV  
  73  7:55  Marine x2  
  69  8:02  Banshee, Barracks Tech Lab  
  69  8:03  Barracks  
  71  8:05  SCV  
  71  8:07  SCV  
  73  8:13  Marine x2  
  73  8:18  SCV  
  76  8:23  SCV x2  
  76  8:24  Stimpack  
  76  8:26  Marauder  
  80  8:30  SCV  
  80  8:31  Marine x2  
  83  8:34  Siege Tank  
  83  8:40  SCV  
  87  8:43  SCV  
  87  8:47  Refinery, Marauder  
  87  8:49  Marine  
  87  8:50  Marine x2  
  87  8:52  SCV  
  87  8:53  SCV  
  92  9:00  Barracks  
  92  9:04  Barracks  
  90  9:10  Siege Tank  
  90  9:15  Marauder  
  90  9:16  Barracks Reactor  
  95  9:17  Medivac x2  
  95  9:21  Supply Depot  
  99  9:27  Engineering Bay  
  99  9:28  Engineering Bay  
  99  9:38  Combat Shields  
  99  9:44  Marauder  
  104  9:56  Barracks Reactor x2  
  104  9:59  Marauder  
  103  10:01  Terran Infantry Weapons Level 1  
  103  10:02  Terran Infantry Armor Level 1  
  103  10:04  Orbital Command  
  103  10:08  Marauder x2  
  107  10:18  SCV x2  
  109  10:22  Marauder  
  109  10:25  Bunker  
  111  10:29  Marauder  
  111  10:30  SCV, Supply Depot  
  114  10:36  Marauder, Marine  
  114  10:37  Supply Depot, Concussive Shells  
  114  10:38  Supply Depot  
  114  10:39  Supply Depot  
  114  10:41  Marine x3  
  120  10:43  Marauder  
  120  10:44  Armory  
  120  10:47  Widow Mine x2  
  126  10:51  Marauder  
  128  11:01  Marauder, Marine x4  
  124  11:06  Medivac x2  
  124  11:09  Marauder  
  130  11:12  Marine  
  130  11:16  Widow Mine  
  130  11:17  SCV x3  
  136  11:18  Marine  
  136  11:19  Refinery  
  136  11:21  Refinery  
  136  11:25  Marauder, Marine  
  131  11:52  Marauder, Marine  
  131  11:54  Widow Mine x2  
  124  11:57  SCV x3  
  131  12:07  Marine x2  
  131  12:08  Marauder  
  135  12:15  SCV x3  
  120  12:23  Medivac x2  
  120  12:27  SCV  
  114  12:31  Marauder x3, Marine x3  
  114  12:32  Marine  
  124  12:43  Terran Infantry Weapons Level 2  
  128  12:46  Terran Infantry Armor Level 2  
  128  12:47  Widow Mine x2  
  128  12:49  Marine  
  129  12:52  Marauder, Marine  
  129  12:53  Marauder x2  
  129  13:13  Command Center  
  129  13:15  Marine x2  
  129  13:16  Marauder  
  129  13:19  Widow Mine x2  
  137  13:27  Medivac x2  
  139  13:28  Marine x2  
  139  13:29  Marauder x2  
  139  13:30  Starport  
  139  13:33  Barracks  
  147  13:50  Marauder, Marine x2  
  147  13:51  Marine, Marauder x2  
  147  13:52  Widow Mine x2  
  132  13:57  Medivac x2  
  136  14:05  Marine  
  136  14:08  Marine  
  138  14:12  Marauder  
  134  14:21  Widow Mine x2  
  131  14:29  Barracks Tech Lab  
  131  14:32  Starport Tech Lab  
  131  14:33  Medivac x2  
  131  14:35  Marine  
  131  14:36  Marauder x2  
  122  14:41  Marine  
  122  14:42  Marauder, Marine x2  
  109  14:46  Barracks, Orbital Command  
  109  14:48  Barracks  
  109  14:49  Widow Mine x2  
  113  14:53  Marauder  
  113  14:57  Marauder x2  
  113  14:59  SCV x2  
  121  15:02  Marine  
  119  15:11  SCV  
  119  15:13  Marauder, Marine x2  
  112  15:25  Marauder  
  112  15:26  Marauder  
  112  15:28  Marauder, Marine x2  
  120  15:40  Planetary Fortress, Liberator x3  
  120  15:43  Widow Mine x2  
  120  15:44  Marine  
  120  15:45  Barracks Tech Lab, Marauder, Marine  
  120  15:46  Barracks Tech Lab  
  120  15:47  Marauder x2  
  131  16:05  Marauder x2, Marine x2  
  131  16:08  Supply Depot  
  131  16:09  Marine  
  131  16:10  Marauder x2  
  142  16:16  Marauder, Marine  
  142  16:17  Missile Turret  
  141  16:20  Marauder  
  141  16:23  Liberator, Marine x2  
  144  16:26  Refinery x2  
  144  16:27  Marauder x2  
  144  16:31  Marauder  
  150  16:39  Marauder  
  142  16:40  Medivac  
  142  16:46  Marauder x2, Marine x3  
  154  16:51  Marine  
  154  16:52  Marauder x2  
  134  17:10  Marauder x3, Marine  
  134  17:11  Medivac  
  134  17:12  Marauder, Marine x2  
  134  17:13  Marauder  
  134  17:14  Marauder  
  135  17:23  Marine  
  128  17:31  Marine  
  128  17:32  Marauder x3  
  128  17:33  Medivac  
  128  17:34  Marauder x2  
  136  17:37  Medivac  
  136  17:40  SCV x2  
  136  17:41  SCV  
  136  17:42  Refinery  
  141  17:46  Marauder, Marine  
  141  17:48  Marine  
  141  17:50  Marine  
  146  17:52  SCV  
  146  17:53  SCV x2, Marauder x3  
  146  17:55  Medivac  
  146  17:56  Marauder x2, Marine  
  162  18:04  Marine  
  156  18:16  Marine  
  156  18:17  Marauder x2  
  147  18:22  Marauder, Marine  
  147  18:24  Marine  
  147  18:25  Marauder x2  
  147  18:26  Marine  
  158  18:27  Marauder  
  158  18:34  Marine  
  158  18:38  Marauder x2  
  158  18:39  Marine  
  164  18:42  Marine  
  164  18:44  Marine, Marauder  
  164  18:47  Marauder, Marine  
  169  18:53  Marine  
  169  18:54  Marauder  
  150  19:07  Marauder  
  150  19:09  Medivac x3  
  158  19:11  Widow Mine x2  
  160  19:24  Marauder, Marine  
  160  19:25  Marauder  
  165  19:33  Marine x2  
  165  19:34  Marauder x3  
  152  19:40  Marauder, Marine  
  155  19:46  Marine  
  155  19:47  Command Center  
  156  19:58  Marauder, Marine  
  159  20:00  Marine  
  159  20:01  Marauder  
  159  20:02  Marine  
  159  20:03  Marauder  
  165  20:21  Marauder x2, Marine x4  
  165  20:24  Supply Depot x2, Marauder  
  165  20:25  Marine x2  
  165  20:27  Orbital Command  
  177  20:34  Medivac x2  
  177  20:52  Marauder, Marine  
  177  20:53  Marauder  
  177  20:54  Widow Mine x2  
  186  20:59  Marauder, Marine  
  186  21:02  Marine  
  186  21:03  Marauder  
  176  21:21  Marauder x2  
  172  21:35  Marauder, Marine x2  
  172  21:38  Marauder, Marine  
  176  21:52  Marine  
  176  21:53  Marauder  
  174  21:56  Marine  
  174  21:57  Marauder  
  156  22:11  Widow Mine x2  
  156  22:12  Medivac x2  
  156  22:13  Medivac  
  156  22:14  SCV x3  
  169  22:15  Marine  
  169  22:16  Marauder  
  172  22:24  Marine x2  
  172  22:25  Marauder  
  172  22:27  Marine x2  
  172  22:28  Marine, Marauder  
  172  22:29  Marauder  
  174  22:33  Marine  
  172  22:37  Marauder  
  172  22:40  Planetary Fortress  
  172  22:44  SCV x3  
  177  22:49  Marauder, Marine  
  180  22:53  Bunker  
  180  22:56  SCV  
  181  22:59  Marauder  
  181  23:00  Marine  
  181  23:01  Marauder  
  181  23:02  Marauder, Marine  
  181  23:05  Marauder, Widow Mine x2, Marine x2  
  178  23:15  Marine  
  178  23:16  Marauder  
  179  23:20  Missile Turret  
  179  23:26  Marine  
  170  23:27  Marauder  
  170  23:35  Marine  
  170  23:36  Marauder, Marine  
  170  23:40  Liberator x3  
  170  23:46  Missile Turret  
  169  23:49  Marauder x2, Marine  
  169  23:55  Marauder x3, Marine x3  
  182  23:57  Widow Mine x2, Marine  
  191  24:07  Marine  
  191  24:10  Marine  
  191  24:11  Marauder  
  191  24:13  Marine  
  191  24:14  Marine  
  191  24:15  Marauder  
  191  24:16  Marauder  
  160  24:55  Marine  
  160  24:56  Marauder  
  160  24:57  Marauder x3, Marine  
  165  25:06  Widow Mine  
  165  25:07  Widow Mine  
  164  25:11  Medivac  
  164  25:12  Medivac x2  
  164  25:13  Marauder, Marine  
  164  25:14  Marauder  
  161  25:29  Marauder, Marine  
  161  25:30  Marauder x2  
  159  25:36  Marauder, Marine x2  
  159  25:37  Marauder  
  159  25:40  Marauder, Marine  
  159  25:41  Medivac  
  159  25:42  Medivac  
  160  25:47  Marine  
  157  25:51  Marauder  
  157  25:56  Marauder x2, Marine  
  164  25:58  Marauder, Orbital Command  
  164  25:59  Marine  
  167  26:20  Medivac  
  163  26:42  Missile Turret  
  163  26:47  Missile Turret  
  163  26:55  Marauder x6  
  163  26:56  Marine x2  
  163  26:58  Marine  
  178  27:04  Missile Turret  
  178  27:09  Medivac  
  178  27:14  Refinery  
  178  27:15  Refinery  
  180  27:16  Marauder  
Show
View Real Time Build Order
Export as new Build Order

Chris Protoss 

Build Orders: Blink Stalkers 

Get SALT Encoding   

  12  0:01  Probe (Chrono Boost)  
  13  0:11  Probe (Chrono Boost)  
  14  0:19  Pylon  
  14  0:22  Probe (Chrono Boost)  
  15  0:37  Probe (Chrono Boost)  
  15  0:40  Gateway  
  16  0:48  Probe (Chrono Boost)  
  16  0:49  Assimilator  
  17  0:58  Probe (Chrono Boost)  
  17  1:01  Pylon  
  18  1:09  Probe (Chrono Boost)  
  19  1:19  Probe (Chrono Boost)  
  20  1:27  Cybernetics Core  
  20  1:30  Probe (Chrono Boost)  
  23  1:41  Probe (Chrono Boost)  
  24  1:50  Nexus  
  22  1:55  Probe (Chrono Boost)  
  22  1:57  Assimilator  
  23  2:06  Mothership Core (Chrono Boost)  
  25  2:11  Pylon  
  25  2:15  Adept (Chrono Boost)  
  27  2:24  Warp Gate (Chrono Boost)  
  27  2:25  Probe (Chrono Boost)  
  28  2:38  Probe (Chrono Boost)  
  29  2:44  Twilight Council  
  29  2:48  Probe (Chrono Boost)  
  30  2:59  Probe (Chrono Boost)  
  30  3:01  Robotics Facility  
  30  3:03  Probe (Chrono Boost)  
  32  3:09  Probe (Chrono Boost)  
  33  3:13  Probe (Chrono Boost)  
  33  3:14  Pylon  
  33  3:19  Probe (Chrono Boost)  
  35  3:21  Gateway  
  35  3:29  Gateway, Probe  
  35  3:33  Sentry  
  38  3:37  Probe  
  38  3:39  Blink (Chrono Boost)  
  39  3:41  Probe  
  40  3:54  Warp Prism (Chrono Boost)  
  42  3:56  Probe  
  43  4:04  Probe  
  43  4:07  Pylon  
  43  4:08  Probe  
  45  4:16  Probe  
  46  4:17  Pylon  
  44  4:26  Observer (Chrono Boost)  
  44  4:27  Stalker x2  
  48  4:35  Probe  
  47  4:39  Probe  
  45  4:45  Pylon  
  45  4:51  Probe  
  45  4:52  Probe  
  46  5:00  Observer (Chrono Boost)  
  46  5:02  Adept x2  
  46  5:03  Probe  
  46  5:04  Probe, Adept  
  52  5:15  Probe  
  52  5:16  Gateway  
  53  5:26  Immortal (Chrono Boost)  
  56  5:37  Probe  
  56  5:40  Zealot  
  56  5:41  Probe  
  58  5:46  Pylon  
  58  5:48  Adept x2  
  62  5:57  Pylon  
  62  6:00  Immortal (Chrono Boost), Assimilator  
  66  6:15  Stalker  
  66  6:16  Stalker  
  71  6:18  Probe (Chrono Boost)  
  71  6:21  Probe (Chrono Boost)  
  72  6:29  Probe (Chrono Boost)  
  72  6:31  Probe (Chrono Boost)  
  72  6:36  Immortal (Chrono Boost)  
  77  6:40  Probe (Chrono Boost), Forge  
  77  6:42  Probe (Chrono Boost), Pylon  
  78  6:47  Adept  
  78  6:48  Adept x2  
  78  6:50  Probe (Chrono Boost)  
  78  6:53  Sentry, Probe  
  87  7:01  Pylon  
  83  7:09  Stalker x3  
  89  7:28  Stalker  
  79  7:33  Immortal (Chrono Boost)  
  75  7:40  Stalker  
  75  7:42  Stalker  
  75  7:43  Probe  
  76  7:45  Stalker, Probe  
  77  7:52  Zealot  
  77  7:58  Probe x2  
  76  7:59  Assimilator  
  76  8:03  Pylon  
  75  8:09  Stalker x2  
  75  8:10  Probe x2 (Chrono Boost)  
  77  8:21  Probe (Chrono Boost)  
  77  8:22  Photon Cannon  
  74  8:32  Mothership Core (Chrono Boost), Probe (Chrono Boost)  
  75  8:41  Photon Cannon  
  75  8:42  Probe (Chrono Boost)  
  75  8:45  Stalker x2  
  75  8:48  Protoss Ground Armor Level 1 (Chrono Boost)  
  78  8:50  Probe  
  78  9:00  Probe  
  77  9:10  Probe  
  77  9:12  Stalker, Probe  
  77  9:13  Stalker x2  
  85  9:19  Robotics Bay  
  85  9:21  Probe, Observer (Chrono Boost)  
  87  9:28  Zealot  
  89  9:49  Observer (Chrono Boost)  
  89  9:51  Nexus  
  90  9:53  Pylon  
  90  9:59  Gateway x2  
  90  10:02  Probe  
  90  10:04  Pylon  
  90  10:06  Sentry  
  93  10:08  Disruptor (Chrono Boost)  
  93  10:10  Probe  
  97  10:16  Photon Cannon  
  95  10:26  Zealot  
  95  10:35  Photon Cannon  
  95  10:38  Protoss Ground Armor Level 2 (Chrono Boost)  
  95  10:39  Disruptor (Chrono Boost)  
  98  10:46  Adept  
  98  10:47  Adept  
  100  10:54  Pylon  
  100  10:57  Probe  
  100  11:03  Adept x2  
  105  11:10  Disruptor (Chrono Boost)  
  104  11:15  Stalker x2  
  108  11:19  Probe  
  109  11:34  Stalker x4  
  117  11:41  Disruptor (Chrono Boost)  
  120  11:56  Probe  
  116  12:02  Stalker x3  
  122  12:13  Probe x2  
  110  12:22  Disruptor (Chrono Boost)  
  99  12:28  Probe  
  95  12:40  Nexus  
  95  12:42  Pylon  
  95  12:52  Nexus  
  95  12:55  Disruptor (Chrono Boost)  
  98  13:02  Stalker  
  100  13:07  Probe  
  100  13:10  Probe  
  102  13:20  Adept x2  
  106  13:28  Disruptor (Chrono Boost)  
  109  13:40  Pylon  
  100  13:57  Probe  
  101  14:03  Stalker x2  
  101  14:06  Disruptor (Chrono Boost)  
  108  14:15  Probe  
  102  14:24  Probe  
  102  14:26  Pylon  
  102  14:28  Probe  
  102  14:30  Stalker x4, Pylon  
  112  14:31  Protoss Ground Armor Level 3  
  112  14:43  Disruptor (Chrono Boost)  
  111  14:49  Stalker  
  111  14:50  Stalker  
  115  14:55  Assimilator  
  115  14:57  Assimilator  
  115  14:58  Assimilator  
  115  14:59  Adept x2  
  119  15:00  Probe, Assimilator  
  119  15:02  Probe  
  121  15:08  Probe  
  120  15:14  Probe  
  120  15:19  Stalker x5  
  129  15:24  Probe  
  130  15:28  Probe  
  130  15:30  Probe, Disruptor (Chrono Boost)  
  135  15:36  Pylon  
  135  15:37  Zealot  
  135  15:38  Pylon  
  135  15:39  Pylon  
  137  15:45  Probe  
  138  15:52  Stalker x2  
  142  16:01  Stalker x3  
  142  16:03  Disruptor (Chrono Boost)  
  147  16:14  Probe  
  147  16:15  Probe  
  147  16:26  Stalker x2  
  147  16:27  Stalker  
  147  16:32  Nexus  
  153  16:33  Pylon  
  153  16:35  Pylon  
  153  16:38  Disruptor (Chrono Boost)  
  152  16:42  Zealot x3  
  157  16:47  Probe  
  157  16:54  Protoss Ground Weapons Level 1  
  157  17:01  Probe  
  157  17:03  Pylon  
  144  17:09  Disruptor (Chrono Boost)  
  144  17:11  Pylon  
  144  17:13  Stalker x3  
  144  17:14  Stalker x3  
  152  17:38  Zealot x2  
  152  17:39  Zealot x4  
  152  17:40  Disruptor (Chrono Boost)  
  167  17:48  Probe  
  168  17:54  Probe  
  168  17:57  Dark Shrine  
  169  18:01  Assimilator  
  169  18:05  Assimilator  
  164  18:11  Disruptor (Chrono Boost)  
  149  18:21  Stalker x5  
  149  18:22  Stalker  
  150  18:42  Disruptor (Chrono Boost)  
  150  18:43  Protoss Ground Weapons Level 2  
  150  18:45  Stalker x3  
  150  18:54  Probe  
  139  18:56  Probe  
  134  19:13  Disruptor (Chrono Boost)  
  137  19:19  Probe  
  128  19:32  Probe  
  128  19:34  Probe  
  117  19:44  Disruptor (Chrono Boost)  
  113  20:03  Nexus  
  113  20:21  Stalker x2  
  113  20:22  Stalker x2  
  121  20:29  Disruptor (Chrono Boost)  
  124  20:35  Zealot  
  126  20:46  Probe  
  127  20:53  Stalker x3  
  133  21:09  Zealot  
  129  21:16  Zealot x2  
  127  21:34  Zealot  
  127  21:35  Nexus  
  127  21:36  Pylon  
  129  21:46  Pylon, Robotics Facility  
  126  21:51  Probe  
  125  21:59  Dark Templar x3  
  125  22:01  Probe  
  122  22:09  Archon  
  119  22:32  Stalker x2  
  114  22:41  Dark Templar  
  116  22:56  Dark Templar  
  118  23:07  Disruptor  
  121  23:13  Zealot  
  117  23:26  Probe  
  111  23:29  Probe  
  112  23:37  Pylon  
  112  23:40  Pylon  
  112  23:42  Zealot x3  
  112  23:45  Probe  
  117  24:07  Zealot x3  
  117  24:09  Probe  
  124  24:11  Disruptor (Chrono Boost)  
  124  24:15  Pylon  
  115  24:31  Stalker x3  
  116  24:47  Probe  
  102  25:00  Probe  
  102  25:03  Zealot x3  
  102  25:04  Probe  
  103  25:08  Probe  
  103  25:11  Probe  
  103  25:13  Stalker x2  
  103  25:15  Disruptor (Chrono Boost)  
  99  25:30  Zealot  
  85  25:38  Probe  
  85  25:39  Probe  
  85  25:40  Probe  
  81  25:46  Stalker x2  
  81  25:48  Probe  
  82  25:59  Probe  
  77  26:12  Dark Templar  
  78  26:24  Dark Templar  
  80  26:42  Dark Templar  
  78  27:08  Stalker  
  78  27:09  Stalker  
  78  27:13  Pylon  
  82  27:23  Probe  
  82  27:25  Probe  
  78  27:36  Stalker, Probe  
  78  27:37  Stalker x2  
Tags
 
Composition
Blink Stalkers
Matchup
PvT
Opening
1/1/1
Player
MCanning
Replay Pack
lotv replays
Strategy
Banshee Rush
Add a new tag
Caveats
  • Supply blocks, unpowered buildings, or Contaminate may cause inaccurate times.
  • Supply counts are checked every 10 seconds.